 Dungeon Crawl Stone Soup version 0.28.0-43-g3370ac3207 (webtiles) character file.

Game seed: 1062118953818910638

2704 Bearnado the Slasher (level 9, -2/79 HPs)
             Began as a Minotaur Berserker on Mar 31, 2022.
             Was a Priest of Trog.
             Slain by terff's ghost (3 damage)
             ... on level 7 of the Dungeon.
             The game lasted 00:16:16 (7444 turns).

Bearnado the Slasher (Minotaur Berserker)           Turns: 7444, Time: 00:16:16

Health: -2/79      AC: 14    Str: 25    XL:     9   Next: 39%
Magic:  8/8        EV:  8    Int:  4    God:    Trog [***...]
Gold:   389        SH:  0    Dex: 11    Spells: 8/8 levels left

rFire   . . .      SeeInvis .   s - +0 quarterstaff
rCold   . . .      Faith    .   (shield currently unavailable)
rNeg    . . .      Spirit   .   O - +0 plate armour
rPois   +          Reflect  .   (helmet restricted)
rElec   .          Harm     .   z - +0 cloak
rCorr   .          Rampage  .   (no gloves)
Will    .....                   (no boots)
Stlth   ..........              (no amulet)
HPRegen 0.23/turn               M - ring of poison resistance
MPRegen 0.11/turn               (no ring)

@: lethally poisoned (-2 -> -5), on berserk cooldown, slowed, very slow
A: horns 2, retaliatory headbutt
a: Renounce Religion, Berserk, Trog's Hand


You were on level 7 of the Dungeon.
You worshipped Trog.
Trog was most pleased with you.
You visited 1 branch of the dungeon, and saw 7 of its levels.
You also visited: Sewer.

You collected 389 gold pieces.

Inventory:

Hand Weapons
 n - a +0 flail
 r - a +0 war axe
 s - a +0 quarterstaff (weapon)
 E - a +0 trident
 H - a +2 vampiric hand axe
 J - a +4 whip
 L - a +3 shortbow
 N - a +1 falchion of holy wrath
 Q - a +0 halberd
Missiles
 f - 3 poisoned darts (quivered)
 h - 114 arrows
 l - a boomerang
 o - 108 stones
 x - 91 bolts
Armour
 z - a +0 cloak (worn)
 O - a +0 plate armour (worn)
Jewellery
 M - a ring of poison resistance (left hand)
 S - a +6 ring of intelligence
Wands
 p - a wand of acid (11)
 y - a wand of paralysis (10)
 G - a wand of iceblast (13)
Scrolls
 b - a scroll of immolation {unknown}
 d - 3 scrolls of amnesia {unknown}
 i - 3 scrolls of teleportation {unknown}
 j - 5 scrolls of identify {unknown}
 m - 4 scrolls of magic mapping {unknown}
 q - 3 scrolls of vulnerability {unknown}
 t - 3 scrolls of enchant armour {unknown}
 u - 2 scrolls of holy word {unknown}
 A - a scroll of enchant weapon {unknown}
 B - 2 scrolls of fear {unknown}
 K - 2 scrolls of torment {unknown}
Potions
 a - a potion of might {unknown}
 e - 3 potions of lignification {unknown}
 g - 2 potions of degeneration {unknown}
 k - 2 potions of heal wounds {unknown}
 v - a potion of ambrosia {unknown}
 w - 2 potions of attraction {unknown}
 C - a potion of magic {unknown}
 D - a potion of flight {unknown}
 F - 2 potions of brilliance {unknown}
 I - a potion of haste {unknown}
 P - a potion of berserk rage {unknown}
 R - a potion of mutation {unknown}
 T - 3 potions of curing {unknown}


   Skills:
 + Level 7.3 Fighting
 + Level 7.8 Long Blades
 + Level 4.1 Axes
 + Level 4.0 Staves
 + Level 5.3 Bows
 + Level 0.4 Throwing
 + Level 6.9 Armour
 + Level 5.0 Dodging
 + Level 1.5 Stealth


You had 8 spell levels left.
You didn't know any spells.
Your spell library was empty.

Dungeon Overview and Level Annotations

Branches:
Dungeon (7/15)             Temple (0/1) D:5           Sewer (visited)

Altars:
Yredelemnul

Shops:
D:2 ((:

Annotations:
D:7 terff's ghost, novice HuFi


Innate Abilities, Weirdness & Mutations

You have a pair of horns on your head.
You reflexively headbutt those who attack you in melee.


Message History

Terff's ghost hits you. Terff's ghost burns you.
The kobold brigand throws a poisoned dart.
The poisoned dart hits you!
You are more poisoned.
You closely miss the kobold brigand.
The kobold brigand is almost dead.
You feel very sick. The kobold brigand barely misses you.
Terff's ghost hits you. Terff's ghost burns you.
The kobold brigand hits you with a +1 whip of venom.
Terff's ghost hits you. Terff's ghost burns you.
The kobold brigand hits you with a +0 short sword.
You hit the kobold brigand but do no damage.
You headbutt the kobold brigand.
You kill the kobold brigand!
Trog accepts your kill.
You feel very sick. Terff's ghost hits you. Terff's ghost burns you.
* * * LOW HITPOINT WARNING * * *
Terff's ghost hits you but does no damage.
The kobold brigand closely misses you. You furiously retaliate!
You headbutt the kobold brigand.
Your Staves skill increases to level 4!
You barely miss the kobold brigand. You headbutt the kobold brigand!
The kobold brigand is heavily wounded.
You feel sick. The kobold brigand barely misses you.
The kobold brigand hits you with a +0 short sword.
* * * LOW HITPOINT WARNING * * *
Terff's ghost hits you but does no damage.
The kobold brigand barely misses you. You furiously retaliate!
You headbutt the kobold brigand! You barely miss the kobold brigand.
The kobold brigand is heavily wounded.
You feel sick.
The kobold brigand hits you with a +0 short sword.
* * * LOW HITPOINT WARNING * * *
Terff's ghost hits you!
* * * LOW HITPOINT WARNING * * *
Terff's ghost burns you.
You die...

#...............## #.....#
##............### ##....#
#...........## ##....#
#...........# #.....#
#...........# ####.....#
#...........# ###.##.....#
##...........###....#...###
#...#........#WK........#
##...##.#####.KK@...#....#
#....####.⌠.##.######....#
#.....##.#.#K#)# #.....#
#.....# ..#..'K# #.....##
..#####).....'K. #......##
### #:..#..'...###.......#
# ##.#$#.#.##.........##
##.⌠.##.####...#...#
#####..# #..###..##


You could see 4 kobold brigands and terff's ghost.

Vanquished Creatures
  Eustachio (D:5)
  2 steam dragons
  Menkaure (D:4)
  2 water moccasins
  An ice beast (D:7)
  A sky beast (D:6)
  An orc warrior (D:5)
  A necrophage (D:6)
  2 centaurs
  2 phantoms (D:4)
  4 kobold brigands (D:7)
  2 bullfrogs (D:7)
  A gnoll sergeant (D:7)
  The ghost of weregamer the Ducker, an amateur FeTm of Dithmenos (D:3)
  2 scorpions
  A bullfrog zombie (D:5)
  A centaur zombie (D:5)
  An orc priest (D:2)
  A gnoll shaman (D:5)
  A hound (D:5)
  Ijyb (D:4)
  3 iguanas (D:5)
  An orc wizard (D:5)
  A hound skeleton (D:5)
  A howler monkey zombie (D:7)
  16 gnolls
  9 adders
  A river rat (D:4)
  A white imp (D:6)
  An ufetubus (D:4)
  An adder skeleton (D:4)
  3 worms
  A dart slug (D:3)
  14 orcs
  5 bats (D:2)
  3 endoplasms
  2 giant cockroaches
  3 goblins
  8 hobgoblins
  2 jackals (Sewer)
  7 quokkas
  6 ball pythons
  5 frilled lizards
  4 kobolds
  2 rats (D:4)
  A bush (D:6)
131 creatures vanquished.

Vanquished Creatures (others)
  7 toadstools (D:1)
7 creatures vanquished.

Grand Total: 138 creatures vanquished

Notes
Turn   | Place    | Note
-------+----------+-------------------------------------------
     0 | D:1      | Bearnado the Minotaur Berserker began the quest for the
                  | Orb.
     0 | D:1      | Reached XP level 1. HP: 19/19 MP: 0/0
   215 | D:1      | Found a faded altar of an unknown god.
   396 | D:1      | Reached XP level 2. HP: 24/27 MP: 1/1
  1126 | D:2      | Reached XP level 3. HP: 12/34 MP: 2/2
  1187 | D:2      | Found Plog's Antique Weapon Emporium.
  1615 | D:2      | Reached ** piety under Trog
  1622 | D:2      | Reached XP level 4. HP: 41/41 MP: 3/3
  1636 | D:2      | Reached skill level 5 in Long Blades
  2027 | D:2      | Found Kieceet's Weapon Shop.
  2033 | D:2      | Found Gaiwnati's Book Shoppe.
  2167 | D:3      | Reached XP level 5. HP: 47/47 MP: 4/4
  2234 | D:3      | Found a runed translucent door.
  2236 | D:3      | Noticed weregamer's ghost (amateur FeTm)
  2248 | D:3      | Killed weregamer's ghost
  2282 | D:3      | Reached skill level 5 in Fighting
  2966 | D:4      | Noticed a phantom
  2978 | D:4      | Killed a phantom
  2979 | D:4      | Reached XP level 6. HP: 30/56 MP: 5/5
  2990 | D:4      | Noticed Menkaure
  3000 | D:4      | Killed Menkaure
  3001 | D:4      | Reached skill level 1 in Staves
  3085 | D:4      | Noticed Ijyb
  3090 | D:4      | Killed Ijyb
  3196 | D:4      | Reached XP level 7. HP: 30/61 MP: 6/6
  3196 | D:4      | Found a glowing drain.
  3248 | Sewer    | Entered a sewer
  3388 | Sewer    | Reached skill level 1 in Stealth
  3886 | D:4      | Reached *** piety under Trog
  4300 | D:4      | Found a basalt altar of Yredelemnul.
  4563 | D:5      | Entered Level 5 of the Dungeon
  4836 | D:5      | Reached skill level 1 in Axes
  4836 | D:5      | Reached skill level 5 in Armour
  5120 | D:5      | Noticed Eustachio
  5140 | D:5      | Killed Eustachio
  5141 | D:5      | Reached XP level 8. HP: 70/70 MP: 7/7
  5187 | D:5      | Found a staircase to the Ecumenical Temple.
  5357 | D:5      | Reached skill level 1 in Bows
  6121 | D:6      | Reached skill level 5 in Dodging
  6776 | D:7      | Reached XP level 9. HP: 78/78 MP: 8/8
  7411 | D:7      | Found a runed translucent gate.
  7411 | D:7      | Found a runed translucent gate.
  7411 | D:7      | Found a runed translucent gate.
  7412 | D:7      | Noticed terff's ghost (novice HuFi)
  7422 | D:7      | Reached skill level 5 in Bows
  7444 | D:7      | HP: 1/79 [terff's ghost (9)]
  7444 | D:7      | Slain by terff's ghost

Illustrated notes

Levels and vault maps discovered:
D:1:      nagdon_arrival_double_spiral, layout_basic, basic_ecumenical_altar,
          hangedman_glass_teeth
D:2:      layout_rooms, serial_shops, shop, nicolae_shop_hallway_stairs, shop,
          solitary_fountain, minmay_pentomino_pile
D:3:      layout_loops_cross, gammafunk_ghost_grave, kennysheep_boxes
D:4:      layout_basic, mainiacjoe_overflow_catwalk, gup_sewer_entry_bubbles,
          uniq_menkaure, uniq_ijyb
D:5:      layout_gridville, minmay_temple_entry_trees, uniq_eustachio
D:6:      layout_rooms, kb_lookout_dungeons_type
D:7:      layout_cave_pods, nicolae_elyvilon_peaceful_grove,
          gammafunk_temple_overflow_elements, gammafunk_ghost_nasty_kobolds,
          nicolae_take_the_stairs

Skill      XL: |  1  2  3  4  5  6  7  8  9 |
---------------+----------------------------+-----
Fighting       | 4 5 6 7 |  7.3
Long Blades    | 4 5 6 7 |  7.8
Dodging        | 3 4 5 |  5.0
Armour         | 3 5 6 |  6.9
Staves         | 1 3 4 |  4.0
Stealth        | 1 |  1.5
Axes           | 1 3 4 |  4.1
Bows           | 3 5 |  5.3
Throwing       | |  0.4

Action                   |  1- 3 |  4- 6 |  7- 9 || total
-------------------------+-------+-------+-------++-------
Melee: Falchion          |    58 |    51 |    84 ||   193
       Headbutt          |    13 |    15 |    31 ||    59
       Punch             |     1 |       |     1 ||     2
       Quarterstaff      |       |    67 |    69 ||   136
       Hand axe          |       |       |    40 ||    40
       Halberd           |       |       |     9 ||     9
 Fire: Shortbow          |       |       |    69 ||    69
Throw: Dart              |     4 |       |     2 ||     6
Invok: Berserk           |     1 |     5 |     9 ||    15
Armor: Animal skin       |     9 |     7 |       ||    16
       Ring mail         |       |    22 |    37 ||    59
       Plate armour      |       |       |    56 ||    56
Dodge: Dodged            |    43 |    74 |   112 ||   229
